 Dungeon Crawl Stone Soup version 0.23-b1-51-gfe822ef6ca (webtiles) character file.

Game seed: 13208668441371495559

118 Kisielow the Cutter (level 4, -3/33 HPs)
             Began as a Vampire Gladiator on Feb 3, 2019.
             Slain by a gnoll
             ... wielding a +0 halberd
              (8 damage)
             ... on level 2 of the Dungeon.
             The game lasted 00:05:38 (2455 turns).

Kisielow the Cutter (Vampire Gladiator)             Turns: 2455, Time: 00:05:39

Health: -3/33      AC:  4    Str: 13    XL:     4   Next: 72%
Magic:  4/4        EV: 12    Int: 10    God:
Gold:   117        SH:  0    Dex: 16    Spells: 3/3 levels left

rFire    . . .     SeeInvis +   a - +0 rapier
rCold    + + .     Gourm    .   (no shield)
rNeg     + + +     Faith    .   b - +0 leather armour
rPois    ∞         Spirit   .   c - +0 helmet
rElec    .         Reflect  .   (no cloak)
rCorr    .         Harm     .   (no gloves)
MR       .....                  (no boots)
Stlth    +++.......             (no amulet)
HPRegen  0.00/turn              (no ring)
MPRegen  0.09/turn              (no ring)

@: bloodless, non-regenerating, heavily drained
A: rotting body, fangs 3, see invisible, unbreathing
a: Bat Form


You were on level 2 of the Dungeon.
You were bloodless.

You visited 1 branch of the dungeon, and saw 2 of its levels.

You collected 117 gold pieces.

Inventory:

Hand Weapons
 a - a +0 rapier (weapon)
Missiles
 d - 2 throwing nets (quivered)
Armour
 b - a +0 leather armour (worn)
 c - a +0 helmet (worn)
Jewellery
 j - an uncursed amulet of harm
Scrolls
 g - a scroll of amnesia {unknown}
 h - 2 scrolls of identify {unknown}
 i - a scroll of magic mapping {unknown}
 o - a scroll of noise {unknown}
 p - a scroll of teleportation {unknown}
Potions
 e - 18 potions of blood
 f - 3 potions of curing {unknown}
 k - a potion of brilliance {unknown}
 l - a potion of magic {unknown}
 m - a potion of agility {unknown}
 n - a potion of lignification {unknown}


   Skills:
 + Level 2.0(0.8) Fighting
 * Level 5.5(4.3) Short Blades
 - Level 1.5(0.4) Throwing
 * Level 3.7(2.5) Dodging
 + Level 1.3(0.1) Stealth


You had 3 spell levels left.
You didn't know any spells.
Your spell library was empty.

Dungeon Overview and Level Annotations

Branches:
Dungeon (2/15)

Altars:
Uskayaw


Innate Abilities, Weirdness & Mutations

Your body is rotting away.
You thrive on raw meat.
You do not heal naturally.
You are immune to poison.
You have razor-sharp teeth.
You have supernaturally acute eyesight. (SInv)
You can survive without breathing.


Message History

The goblin shouts!
You hit the gnoll but do no damage. The gnoll closely misses you.
You hit the gnoll.
The gnoll is moderately wounded.
The gnoll barely misses you.
You hit the gnoll.
The gnoll is moderately wounded.
The gnoll hits you from afar with a +0 spear!
* * * LOW HITPOINT WARNING * * *
The gnoll closely misses you.
You hit the gnoll but do no damage.
The gnoll is moderately wounded.
The gnoll closely misses you.
You hit the gnoll.
The gnoll is severely wounded.
The gnoll closely misses you. The gnoll hits you but does no damage.
You hit the gnoll.
The gnoll is almost dead.
The gnoll hits you with a +0 halberd!
You die...

#.# #....# #.#
#....##+#####.# #(#
#.............# ♣.♣
#.........#####
♣♣♣.♣♣♣
#..............
♣♣PP.PP♣♣
##+#+##+######.
♣PP...PP♣ . ##
#♣♣P.(...P♣♣##.# #
......⌠((()÷@#.# #
#.♣♣P.....P♣♣g#'###
# #
♣PP...PP♣♣bg...# #
♣♣PP.PP♣♣.g....#
♣♣♣.♣♣ ♣(†....# ♣.
#.......# ..
#.......# ..#
#.......# ..##'####


You could see 2 gnolls, a goblin and a bat.

Vanquished Creatures
  2 gnolls (D:2)
  4 adders (D:2)
  An ooze (D:1)
  A worm (D:2)
  2 dart slugs (D:1)
  A leopard gecko (D:1)
  3 bats
  4 giant cockroaches
  7 goblins
  A hobgoblin (D:1)
  11 jackals
  3 frilled lizards (D:1)
  4 kobolds
  7 rats
51 creatures vanquished.

Notes
Turn   | Place    | Note
-------+----------+-------------------------------------------
     0 | D:1      | Kisielow the Vampire Gladiator began the quest for the Orb.
     0 | D:1      | Reached XP level 1. HP: 16/16 MP: 1/1
    91 | D:1      | Reached skill level 4 in Short Blades
    91 | D:1      | Reached XP level 2. HP: 22/22 MP: 2/2
   481 | D:1      | Reached XP level 3. HP: 27/27 MP: 3/3
  1301 | D:2      | Reached skill level 5 in Short Blades
  2001 | D:2      | Reached XP level 4. HP: 32/33 MP: 4/4
  2278 | D:2      | Found a hide-covered altar of Uskayaw.
  2352 | D:2      | Reached skill level 1 in Stealth
  2455 | D:2      | Slain by a gnoll

Skill      XL: |  1  2  3  4 |
---------------+-------------+-----
Short Blades   | 4 5 |  5.5
Stealth        | 1 |  1.3
Fighting       | 2 |  2.0
Throwing       | |  1.5
Dodging        | |  3.7

Action                   |  1- 3 |  4- 6 || total
-------------------------+-------+-------++-------
Melee: Rapier            |    98 |    48 ||   146
       Bite              |     3 |     5 ||     8
Throw: Throwing net      |       |     1 ||     1
 Stab: Sleeping          |     2 |     2 ||     4
Armor: Leather armour    |    21 |    14 ||    35
Dodge: Dodged            |    64 |    37 ||   101
